 Dungeon Crawl Stone Soup version 0.28.0 (webtiles) character file.

Game seed: 11806751598033998486

24075 magipi the Cleaver (level 12, -4/100 HPs)
             Began as a Minotaur Brigand on Feb 15, 2022.
             Was a Priest of Ru.
             Shot with a bolt by an orc knight (11 damage)
             ... on level 2 of the Orcish Mines.
             The game lasted 00:54:08 (15747 turns).

magipi the Cleaver (Minotaur Brigand)              Turns: 15747, Time: 00:54:08

Health: -4/100     AC: 15    Str: 20    XL:     12   Next: 77%
Magic:  11/11      EV:  8    Int:  6    God:    Ru [***...]
Gold:   1244       SH:  5    Dex: 19    Spells: 11/11 levels left

rFire   . . .      SeeInvis .   a - +3 war axe (venom)
rCold   + . .      Faith    .   (no shield)
rNeg    . . .      Spirit   .   G - +1 chain mail {Will+}
rPois   +          Reflect  +   (helmet restricted)
rElec   .          Harm     .   c - +1 cloak
rCorr   .          Rampage  .   (no gloves)
Will    +....                   (no boots)
Stlth   ..........              r - amulet of reflection
HPRegen 0.26/turn               B - +6 ring of dexterity
MPRegen 0.12/turn               p - ring of poison resistance

@: no status effects
A: horns 2, dopey 1, frail 1, no stealth, retaliatory headbutt, cold resistance
1
a: Renounce Religion, Draw Out Power


You were on level 2 of the Orcish Mines.
You worshipped Ru.
Ru was most pleased with you.
You visited 3 branches of the dungeon, and saw 14 of its levels.
You also visited: Sewer.

You collected 1244 gold pieces.

Inventory:

Hand Weapons
 a - a +3 war axe of venom (weapon)
   (You found it on level 5 of the Dungeon)
 b - a +2 morningstar
   (You took it off a wight on level 10 of the Dungeon)
 m - a +2 dagger
 o - a +0 trident
   (You found it on level 2 of the Dungeon)
Missiles
 d - a poisoned dart (quivered)
 y - 2 javelins
 A - 9 boomerangs
Armour
 c - a +1 cloak (worn)
 G - a +1 chain mail of willpower (worn)
   (You took it off an orc priest on level 5 of the Dungeon)
Jewellery
 n - a ring of flight
   (You found it on level 2 of the Dungeon)
 p - a ring of poison resistance (right hand)
   (You found it on level 6 of the Dungeon)
 r - an amulet of reflection (around neck)
   (You found it on level 5 of the Dungeon)
 x - a ring of fire
   (You found it on level 4 of the Dungeon)
 B - a +6 ring of dexterity (left hand)
   (You took it off an orc warrior on level 6 of the Dungeon)
Wands
 k - a wand of iceblast (3)
   (You found it on level 11 of the Dungeon)
 z - a wand of charming (5)
   (You took it off Ijyb on level 3 of the Dungeon)
 H - a wand of flame (27)
   (You found it on level 8 of the Dungeon)
Scrolls
 f - a scroll of noise
 h - 2 scrolls of enchant armour
 i - 2 scrolls of immolation
 j - a scroll of identify
 q - a scroll of enchant weapon
 u - 3 scrolls of fear
 C - 2 scrolls of amnesia
 D - 4 scrolls of teleportation
 E - a scroll of fog
Potions
 l - 2 potions of flight
 s - 2 potions of mutation
 t - a potion of ambrosia
 v - 2 potions of attraction
 w - a potion of brilliance
 F - a potion of curing
 I - a potion of berserk rage
Miscellaneous
 g - a phial of floods
   (You found it on level 11 of the Dungeon)


   Skills:
 - Level 12.0 Fighting
 - Level 2.1 Short Blades
 - Level 14.0 Axes
 - Level 10.0 Throwing
 - Level 10.0 Armour
 - Level 1.1 Dodging
 + Level 8.1 Evocations


You had 11 spell levels left.
You didn't know any spells.
Your spell library contained the following spells:

 Spells                   Type           Power      Damage    Failure   Level
 Blink                    Tloc           0%         N/A       99%         2
 Scorch                   Fire           0%         2d5       99%         2
 Inner Flame              Hex/Fire       0%         N/A       100%        3
 Lesser Beckoning         Tloc           0%         N/A       100%        3
 Portal Projectile        Hex/Tloc       0%         N/A       100%        3
 Cause Fear               Hex            0%         N/A       100%        4
 Flame Wave               Conj/Fire      0%         2d4       100%        4
 Leda's Liquefaction      Hex/Erth       0%         N/A       100%        4
 Olgreb's Toxic Radiance  Pois           0%         N/A       100%        4
 Blade Hands              Tmut           0%         N/A       100%        5
 Excruciating Wounds      Necr           0%         N/A       100%        5
 Lee's Rapid Deconstruct  Erth           0%         3d5*      100%        5
 Manifold Assault         Tloc           0%         N/A       100%        5
 Statue Form              Tmut/Erth      0%         N/A       100%        6
 Summon Cactus Giant      Summ           0%         N/A       100%        6
 Ozocubu's Refrigeration  Ice            0%         4d5       100%        7
 Discord                  Hex            0%         N/A       100%        8
 Ignition                 Fire           0%         3d3       100%        8


Dungeon Overview and Level Annotations

Branches:
Dungeon (11/15)            Temple (1/1) D:5            Lair (0/6) D:11
    Orc (2/2) D:11          Sewer (visited)
    Elf: Orc:2

Altars:
Ashenzari
Cheibriados
Dithmenos
Elyvilon
Fedhas
Gozag
Hepliaklqana
Kikubaaqudgha
Makhleb
Nemelex Xobeh
Okawaru
Qazlal
Ru
Sif Muna
Trog
Uskayaw
Vehumet
Wu Jian
Xom
Yredelemnul
Zin
The Shining One

Shops:
D:6 =

Annotations:
D:2 1 runed translucent door, Crazy Yiuf
D:7 1 runed translucent door


Innate Abilities, Weirdness & Mutations

You have a pair of horns on your head.
You are dopey. (Int -2)
You are frail. (-10% HP)
You cannot be stealthy.
You reflexively headbutt those who attack you in melee.
Your flesh is cold resistant. (rC+)


Message History

The orc warrior hits you with a +0 dire flail!
The orc knight roars a battlecry!
The orcs go into a battle-frenzy!
The orc barely misses you. You furiously retaliate!
You headbutt the orc.
There is a stone staircase leading up, spattered with blood here.
Unknown command.
Unknown command.
The orc warrior hits you with a +0 dire flail!!
You block the orc's attack.
You climb upwards.
There is a stone staircase leading down, spattered with blood here.
You hit the orc but do no damage.
The orc is poisoned.
You headbutt the orc.
You kill the orc!
You slash the orc warrior!
The orc warrior is poisoned.
The orc warrior hits you but does no damage.
You slash the orc warrior!
The orc warrior looks as sick as possible!
You headbutt the orc warrior, but do no damage.
The orc warrior is severely wounded.
You kill the orc warrior!
Unknown command.
No target in view!
No target in view!
Unknown command.
You start resting.
HP restored.
Things that are here:
a +0 dire flail; a +0 chain mail
Items here: )) [[.
There is a stone staircase leading down, spattered with blood here.
You climb downwards.
You redirect the orc knight's attack!
The orc knight shoots a bolt.
The bolt hits the orc priest!!
The orc priest dies!
There is a stone staircase leading up, spattered with blood here.
Unknown command.
Unknown command.
Throw: 4 darts (poison)
Press: ? - help, Q - select action, (/) - cycle Shift-Dir - straight line, f - orc knight
Aim: an orc knight, wielding a +0 arbalest, wearing a +0 chain mail and quivering bolts (unaware, hasn't noticed you, 69% to hit)
You throw a poisoned dart. The poisoned dart hits the orc knight!!
The orc knight is poisoned.
The orc knight shouts!
The orc knight shoots a bolt.
The bolt hits you but does no damage.
Throw: 3 darts (poison)
Press: ? - help, Q - select action, (/) - cycle Shift-Dir - straight line, f/p - orc knight
Aim: an orc knight, wielding a +0 arbalest, wearing a +0 chain mail and quivering bolts (lightly wounded, very poisoned, 69% to hit)
You throw a poisoned dart. The poisoned dart hits the orc knight.
The orc knight is lightly wounded.
The orc knight shoots a bolt.
The bolt hits you but does no damage.
Throw: 2 darts (poison)
Press: ? - help, Q - select action, (/) - cycle Shift-Dir - straight line, f/p - orc knight
Aim: an orc knight, wielding a +0 arbalest, wearing a +0 chain mail and quivering bolts (very poisoned, 69% to hit)
You throw a poisoned dart.
The poisoned dart closely misses the orc knight.
The orc knight shoots a bolt.
The bolt hits you.
You start resting.
An orc knight is nearby!
You barely miss the orc knight.
The orc knight is lightly wounded.
The orc knight unwields a +0 arbalest.
The orc knight wields a +0 battleaxe.
The orc knight hits you with a +0 battleaxe!!
You hit the orc knight.
The orc knight looks as sick as possible!
You headbutt the orc knight!
The orc knight is moderately wounded.
The orc knight closely misses you.
You closely miss the orc knight.
The orc knight is moderately wounded.
The orc knight hits you with a +0 battleaxe!!
You hit the orc knight.
The orc knight looks as sick as possible!
The orc knight is heavily wounded.
You hit the orc knight but do no damage.
The orc knight looks as sick as possible!
You headbutt the orc knight, but do no damage.
The orc knight is heavily wounded.
The orc knight barely misses you. You furiously retaliate!
You headbutt the orc knight, but do no damage.
Unknown command.
You hit the orc knight but do no damage.
You headbutt the orc knight.
The orc knight is heavily wounded.
The orc knight hits you with a +0 battleaxe.
Unknown command.
You closely miss the orc knight.
The orc knight is heavily wounded.
The orc knight hits you with a +0 battleaxe!!
* * * LOW HITPOINT WARNING * * *
Unknown command.
Unknown command.
Unknown command.
Unknown command.
The orc knight hits you with a +0 battleaxe!
* * * LOW HITPOINT WARNING * * *
Unknown command.
Unknown command.
The orc knight unwields a +0 battleaxe.
The orc knight wields a +0 arbalest.
The orc knight shoots a bolt.
The bolt hits you!
You die...

......(o...#..#.##
..........#...###
....##.#.....##
.....#.#..)..##
..........#..[###
..........#..<#.##
.........#.....o.#
.................#
..<..........#..@#
.............##.##
.................#
................##
.................#
..............#.##
..........#......#
#............#...#
..............#.##


You could see an orc knight (extremely poisoned).

Vanquished Creatures
  Harold (D:7)
  An ogre mage (D:11)
  A centaur warrior (D:11)
  6 two-headed ogres
  4 orc knights
  A necromancer (D:10)
  An orc sorcerer (Orc:1)
  A manticore (D:10)
  An elephant (shapeshifter) (D:11)
  6 centaur skeletons (D:10)
  2 gargoyles (D:11)
  A tengu conjurer (D:11)
  2 trolls
  A slime creature (D:11)
  3 flying skulls (D:10)
  3 shadows
  4 wraiths
  7 yaks
  A basilisk (D:11)
  3 vampire mosquitoes (D:11)
  A water moccasin (D:7)
  A warg (D:11)
  A sky beast (D:6)
  17 orc warriors
  A black bear (D:6)
  A hornet zombie (D:5)
  2 necrophages
  3 centaurs
  5 ogres
  4 kobold brigands
  Blork the orc (D:6)
  7 bullfrogs
  2 wyvern skeletons (D:7)
  A water moccasin skeleton (D:6)
  13 killer bees
  27 wights
  4 howler monkeys
  13 centaur zombies
  2 jellies
  A bullfrog zombie (D:5)
  3 hounds
  10 orc priests
  Ijyb (D:3)
  An iguana (D:4)
  16 orc wizards
  A howler monkey zombie (D:10)
  13 adders
  4 gnolls
  8 river rats
  2 howler monkey skeletons
  A shadow imp (D:7)
  A white imp (D:7)
  An ufetubus (D:4)
  An adder skeleton (D:4)
  9 worms
  2 dart slugs
  58 orcs
  7 endoplasms
  3 giant cockroaches
  8 goblins
  10 hobgoblins
  5 jackals
  16 kobolds
  7 quokkas
  7 ball pythons
  4 bats
  3 frilled lizards
  8 rats
367 creatures vanquished.

Vanquished Creatures (others)
  2 orc priests (Orc:2)
  4 fungi
6 creatures vanquished.

Grand Total: 373 creatures vanquished

Notes
Turn   | Place    | Note
-------+----------+-------------------------------------------
     0 | D:1      | magipi the Minotaur Brigand began the quest for the Orb.
     0 | D:1      | Reached XP level 1. HP: 18/18 MP: 0/0
   164 | D:1      | Reached XP level 2. HP: 12/25 MP: 1/1
   168 | D:1      | Found a faded altar of an unknown god.
   513 | D:2      | Found a hide-covered altar of Uskayaw.
   744 | D:2      | Reached XP level 3. HP: 30/31 MP: 2/2
   938 | D:2      | Found a runed translucent door.
   939 | D:2      | Noticed Crazy Yiuf
  1301 | D:2      | Reached XP level 4. HP: 26/38 MP: 3/3
  1446 | D:3      | Found an ornate altar of the Wu Jian Council.
  1465 | D:3      | Found a shimmering altar of Xom.
  1605 | D:3      | Gained mutation: Your flesh is cold resistant. (rC+)
                  | [potion of mutation]
  1605 | D:3      | Gained mutation: Your mind is acute. (Int +2) [potion of
                  | mutation]
  1605 | D:3      | HP: 3/60 [poisoned by an adder]
  1608 | D:3      | Reached XP level 5. HP: 3/46 MP: 4/4
  1654 | D:3      | Found a glowing drain.
  1659 | Sewer    | Entered a sewer
  1989 | Sewer    | Reached skill level 5 in Throwing
  2185 | Sewer    | Reached XP level 6. HP: 31/55 MP: 5/5
  2265 | Sewer    | Reached skill level 5 in Fighting
  2862 | D:3      | Reached XP level 7. HP: 40/61 MP: 6/6
  3612 | D:3      | Noticed Ijyb
  3616 | D:3      | Killed Ijyb
  4292 | D:5      | Entered Level 5 of the Dungeon
  4373 | D:5      | Reached XP level 8. HP: 67/71 MP: 7/7
  4450 | D:5      | Reached skill level 1 in Axes
  4588 | D:5      | Reached skill level 2 in Axes
  4816 | D:5      | Found a staircase to the Ecumenical Temple.
  4823 | Temple   | Entered the Ecumenical Temple
  4950 | Temple   | Became a worshipper of Ru the Awakened
  5063 | D:6      | Found Waezaagi's Jewellery Emporium.
  5202 | D:5      | Reached skill level 3 in Axes
  5229 | D:6      | Noticed Blork the orc
  5386 | D:6      | Reached skill level 4 in Axes
  5811 | D:6      | Killed Blork the orc
  5967 | D:6      | Reached XP level 9. HP: 82/82 MP: 8/8
  6073 | D:7      | Noticed Harold
  6104 | D:7      | Killed Harold
  6105 | D:7      | Reached skill level 5 in Axes
  6468 | D:7      | Reached skill level 6 in Axes
  6593 | D:7      | Found an iron altar of Okawaru.
  6610 | D:7      | Gained mutation: You are frail. (-10% HP) [Ru sacrifice]
  6610 | D:7      | Reached * piety under Ru
  6610 | D:7      | Reached ** piety under Ru
  6912 | D:7      | Found a runed translucent door.
  6913 | D:7      | Found a basalt altar of Yredelemnul.
  7626 | D:7      | Reached skill level 7 in Axes
  7626 | D:7      | Reached skill level 10 in Throwing
  7661 | D:7      | Reached skill level 10 in Fighting
  7809 | D:7      | Reached skill level 1 in Armour
  8082 | D:8      | Found a bloodstained altar of Trog.
  8111 | D:8      | Reached XP level 10. HP: 56/82 MP: 9/9
  8117 | D:8      | Reached skill level 8 in Axes
  8770 | D:8      | Found a hazy altar of Hepliaklqana.
  8946 | D:8      | Reached skill level 9 in Axes
  9592 | D:9      | Noticed a two-headed ogre
  9617 | D:9      | Killed a two-headed ogre
  9657 | D:9      | Reached skill level 10 in Axes
 10003 | D:9      | Reached skill level 5 in Armour
 10335 | D:9      | Reached skill level 11 in Axes
 10364 | D:10     | Entered Level 10 of the Dungeon
 10420 | D:10     | Gained mutation: You cannot be stealthy. [Ru sacrifice]
 10682 | D:10     | Reached XP level 11. HP: 59/89 MP: 10/10
 10731 | D:10     | Noticed a two-headed ogre
 11102 | D:10     | Reached skill level 12 in Axes
 11169 | D:10     | Killed a two-headed ogre
 11374 | D:10     | Noticed a necromancer
 11382 | D:10     | Killed a necromancer
 11563 | D:10     | Reached skill level 10 in Armour
 11581 | D:10     | Reached skill level 1 in Evocations
 12006 | D:10     | Found an ancient bone altar of Kikubaaqudgha.
 12006 | D:10     | Found the +3 sling "Punk" {acid, rCorr}
 12258 | D:10     | Noticed a two-headed ogre
 12287 | D:10     | Killed a two-headed ogre
 12459 | D:11     | Noticed an orc knight
 12459 | D:11     | Noticed a centaur warrior
 12459 | D:11     | Noticed an ogre mage
 12459 | D:11     | Noticed an orc knight
 12481 | D:10     | Killed an orc knight
 12678 | D:11     | Killed a centaur warrior
 12679 | D:11     | Reached skill level 13 in Axes
 12680 | D:11     | Reached XP level 12. HP: 77/99 MP: 11/11
 12694 | D:11     | Killed an ogre mage
 12771 | D:11     | Found a staircase to the Lair.
 12841 | D:11     | Found a staircase to the Orcish Mines.
 13053 | D:11     | Noticed a two-headed ogre
 13070 | D:11     | Killed a two-headed ogre
 13227 | D:11     | Reached skill level 5 in Evocations
 13327 | D:11     | Noticed a two-headed ogre
 13341 | D:11     | Killed a two-headed ogre
 13443 | D:11     | Noticed a two-headed ogre
 13453 | D:11     | Killed a two-headed ogre
 13454 | D:11     | Reached skill level 14 in Axes
 13741 | Orc:1    | Entered Level 1 of the Orcish Mines
 13796 | Orc:1    | Lost mutation: Your mind is acute. (Int +2) [Ru sacrifice]
 13796 | Orc:1    | Gained mutation: You are dopey. (Int -2) [Ru sacrifice]
 13796 | Orc:1    | Reached *** piety under Ru
 14427 | Orc:2    | Entered Level 2 of the Orcish Mines
 15747 | Orc:2    | Shot with a bolt by an orc knight

Illustrated notes

Levels and vault maps discovered:
D:1:      amcnicky_arrival_choice, layout_loops_cross,
          shapermc_ecumenical_altar_gd, minmay_liquid_box,
          nicolae_concentric_dashed_squares_wild, nrook_mini_vaults
D:2:      cheibrodos_greedy_goblins, layout_basic, basic_altar,
          uniq_crazy_yiuf_cottage
D:3:      layout_basic, mainiacjoe_overflow_swirl, lightli_sewer_entry_pipes,
          uniq_ijyb
D:4:      layout_basic
D:5:      layout_rooms, minmay_temple_entry_trees
D:6:      layout_loops_ring, minmay_shop_enchanted_jewellery,
          kennysheep_generic_room_7, uniq_blork_the_orc
D:7:      layout_basic, okawaru_altar_gauntlet_db, dk_yredelemnul_ordeal,
          uniq_harold
D:8:      layout_basic, nicolae_hepliaklqana_hippocampus,
          mainiacjoe_overflow_cross_hatched
D:9:      layout_basic
D:10:     hangedman_screamer, layout_small_grid, kennysheep_mini, hive_lemuel
D:11:     minmay_ambush_box, layout_gridville, lair_entry_dummy, david_orc_3,
          serial_co_window_serial, co_window_paths_b,
          co_window_of_opportunity_a, co_window_paths_b, co_window_paths_a,
          co_window_paths_a, co_window_of_opportunity_a, co_window_corner_a,
          co_window_corner_b, co_window_cross_3, co_window_of_opportunity_b,
          co_window_broadway_c, co_window_unsneaky_path_b, co_window_cross_3,
          co_window_corner_b, glass_columns_c, glass_columns_b
Temple:   regret_index_temple_waves
Orc:1:    layout_diamond_mine
Orc:2:    grunt_orc_tribal_feast, layout_caves

Skill      XL: |  1  2  3  4  5  6  7  8  9 10 11 12 |
---------------+-------------------------------------+-----
Fighting       | 3 4 5 6 8 10 11 12 | 12.0
Throwing       | 3 4 5 6 7 9 10 | 10.0
Axes           | 4 7 11 13 14 | 14.0
Armour         | 2 6 10 | 10.0
Stealth        | 0 |  0.0
Evocations     | 3 8 |  8.1
Short Blades   | |  2.1
Dodging        | |  1.1

Action                   |  1- 3 |  4- 6 |  7- 9 | 10-12 || total
-------------------------+-------+-------+-------+-------++-------
Melee: Dagger            |   100 |   195 |   188 |       ||   483
       Headbutt          |     8 |    38 |    54 |   137 ||   237
       Punch             |     1 |     3 |     1 |     8 ||    13
       War axe           |       |       |   137 |   470 ||   607
Throw: Dart              |    13 |    36 |    43 |    70 ||   162
       Javelin           |       |     3 |     3 |     2 ||     8
       Boomerang         |       |       |    27 |    18 ||    45
Invok: Sacrifice Health  |       |       |     1 |       ||     1
       Sacrifice Stealth |       |       |       |     1 ||     1
       Sacrifice Purity  |       |       |       |     1 ||     1
  Use: Potion            |       |     4 |     2 |     3 ||     9
       Scroll            |       |       |    11 |     9 ||    20
 Stab: Sleeping          |     3 |       |       |       ||     3
Armor: Robe              |    15 |       |       |       ||    15
       Chain mail        |    19 |    70 |   129 |   292 ||   510
       Skin              |       |     5 |       |       ||     5
Dodge: Dodged            |    30 |    61 |    90 |   184 ||   365
Block: Other             |       |       |    30 |   110 ||   140
       Reflection        |       |       |     2 |     6 ||     8
